 Dungeon Crawl Stone Soup version 0.17.0-28-g6e173f8 (webtiles) character file.

189 septik the Firebug (level 5, -1/42 HPs)
             Began as a Naga Fire Elementalist on Nov 28, 2015.
             Slain by a phantom (9 damage)
             ... on level 3 of the Dungeon.
             The game lasted 00:11:36 (3461 turns).

septik the Firebug (Naga Fire Elementalist)         Turns: 3461, Time: 00:11:37

Health: -1/42      AC:  6    Str: 10    XL:     5   Next: 68%
Magic:  10/10      EV: 11    Int: 17    God:
Gold:   131        SH:  0    Dex: 11    Spells: 3 memorised, 2 levels left

rFire  . . .     SeeInvis +     u - +0 war axe
rCold  . . .     Clarity  .     a - +1 robe
rNeg   . . .     SustAt   .     (no shield)
rPois  +         Gourm    .     (no helmet)
rElec  .         Spirit   .     (no cloak)
rCorr  .         Warding  .     j - +2 pair of gloves
rMut   .         Stasis   .     (no barding)
MR     .....                    (no amulet)
Stlth  ++........               s - +1 ring of evasion
                                (no ring)

@: short of breath, very slow, not resistant to hostile enchantments, unstealthy
A: see invisible, deformed body, poison resistance, slowness 2, slow metabolism
1, spit poison 2, AC +1
a: Spit Poison


You were on level 3 of the Dungeon.
You were hungry.

You visited 1 branch of the dungeon, and saw 4 of its levels.

You collected 131 gold pieces.

Inventory:

Hand Weapons
 e - a +0 short sword
 u - a +0 war axe (weapon)
Missiles
 i - 102 stones (quivered)
 t - 11 poisoned needles
Armour
 a - a +1 robe (worn)
 j - a +2 pair of gloves (worn)
 r - a +0 buckler
Jewellery
 n - an uncursed ring of positive energy
 s - a +1 ring of evasion (right hand)
 w - an uncursed amulet of guardian spirit {unknown}
Wands
 y - a wand of fire (10)
Scrolls
 d - a scroll of enchant armour
 g - 2 scrolls of remove curse
 m - a scroll of fog {unknown}
 o - a scroll of noise {unknown}
 p - a scroll of enchant weapon {unknown}
 x - 2 scrolls of identify
Potions
 f - a potion of lignification
 h - a potion of degeneration {unknown}
 k - a potion of cure mutation {unknown}
 l - a potion of brilliance {unknown}
 q - a potion of poison {unknown}
 z - a potion of magic {unknown}
Books
 b - a book of Flames

   Spells                             Type                      Level
   a - Flame Tongue                   Conjuration/Fire             1
   b - Throw Flame                    Conjuration/Fire             2
   c - Conjure Flame                  Conjuration/Fire             3
   d - Inner Flame                    Hexes/Fire                   3
   e - Sticky Flame                   Conjuration/Fire             4
   f - Fireball                       Conjuration/Fire             5
Comestibles
 c - 4 bread rations
 v - 5 chunks of flesh


   Skills:
 - Level 1.5 Dodging
 - Level 3.0 Stealth
 + Level 3.3 Spellcasting
 * Level 3.3 Conjurations
 + Level 4.1 Fire Magic


You had 2 spell levels left.
You knew the following spells:

 Your Spells              Type           Power        Failure   Level  Hunger
a - Flame Tongue          Conj/Fire      ###..        3%          1    None
b - Conjure Flame         Conj/Fire      ###.....     12%         3    ###....
c - Sticky Flame          Conj/Fire      ###.....     38%         4    ####...


Dungeon Overview and Level Annotations

Branches:
Dungeon (4/15)
 Temple: D:4-7

Altars:
Cheibriados
Makhleb
Okawaru
Xom

Annotations:
D:4 chonchonts's ghost, amateur MiFi


Innate Abilities, Weirdness & Mutations

You cannot wear boots.
Your serpentine skin is tough (AC +1).
You have supernaturally acute eyesight.
Armour fits poorly on your strangely shaped body.
Your system is resistant to poisons.
You cover ground very slowly.
You have a slow metabolism.
You can spit poison.


Message History

There is a stone staircase leading down here.
You slash the orc!
You kill the orc!
You hit the hound skeleton. The hound skeleton barely misses you.
The hound skeleton bites you.
You closely miss the hound skeleton. The hound skeleton closely misses you.
You hit the phantom.
The phantom is lightly damaged.
You have got your breath back.
You miss the phantom.
The phantom is lightly damaged.
The phantom hits you!
* * * LOW HITPOINT WARNING * * *
The phantom misses you.
Press: ? - help, Shift-Dir - straight line, f - phantom
Aim: a phantom (lightly damaged)
The splash of poison hits the phantom.
The phantom appears unharmed.
The phantom is lightly damaged.
You feel slightly more hungry. The phantom hits you!
You die...

#.#.############# #.#####.##
....(.........ยง.####.#......#
#.#..(..#######...(...%(....#
#..#......##########.#......#
##.###.......# #........# #.
######..#### ##.......# #.
##....## #.......# #.
#.##.)####..#.####
#...#@WZ....#.#
###.######....###
#.######......###
#.......#.......#
##......#........
#...............
#......#.......#
#......#..###### #......#..#


You could see a phantom and a hound skeleton.

Vanquished Creatures
  A hound (D:3)
  An orc wizard (D:3)
  4 adders
  2 oozes
  4 worms
  7 orcs
  7 bats
  4 giant cockroaches
  7 hobgoblins
  11 jackals
  A quokka (D:2)
  2 giant geckos
  A giant newt (D:2)
  7 goblins
  5 kobolds
  3 rats
67 creatures vanquished.

Notes
Turn   | Place    | Note
--------------------------------------------------------------
     0 | D:1      | septik the Naga Fire Elementalist began the quest for the Orb.
     0 | D:1      | Reached XP level 1. HP: 15/15 MP: 3/3
   786 | D:1      | Reached XP level 2. HP: 22/22 MP: 3/5
  1237 | D:1      | Reached XP level 3. HP: 21/28 MP: 0/7
  1242 | D:1      | Learned a level 3 spell: Conjure Flame
  1433 | D:2      | Found a burning altar of Makhleb.
  1967 | D:2      | Found a shimmering altar of Xom.
  2219 | D:2      | Reached XP level 4. HP: 28/36 MP: 0/8
  2309 | D:2      | Found a snail-covered altar of Cheibriados.
  2845 | D:2      | Learned a level 4 spell: Sticky Flame
  3185 | D:3      | Found an iron altar of Okawaru.
  3269 | D:3      | Reached XP level 5. HP: 31/42 MP: 9/9
  3269 | D:3      | Reached skill level 4 in Fire Magic
  3273 | D:3      | Noticed a phantom
  3455 | D:4      | Noticed chonchonts's ghost (amateur MiFi)
  3461 | D:3      | Slain by a phantom

Action                   |  1- 3 |  4- 6 || total
-------------------------+-------+-------++-------
Melee: Short sword       |   105 |     2 ||   107
       War axe           |       |    72 ||    72
Throw: Stone             |       |    14 ||    14
 Cast: Flame Tongue      |    59 |    26 ||    85
       Conjure Flame     |       |     3 ||     3
 Abil: Spit Poison       |    13 |     6 ||    19
  Use: Scroll            |       |     3 ||     3
 Stab: Sleeping          |       |     2 ||     2
  Eat: Chunk             |     4 |     4 ||     8
